cohdb
Replays
Latest Replays
All Replays
Popular Replays
Top Player Replays
Match Explorer
How It Works
Community
CoH3 Stats
Reddit
Sign in to upload your games and track your stats! →
Sign in with Steam
Match 41383900
Unlisted
Match 41383900
Overview
Messages
Build Orders
End
Construct Infanterie Kompanie
Grenadier Squad
Selects Terror Battlegroup
Selects Machine Gun Camouflage
MG 42 Machine Gun Team
Grenadier Squad
MG 42 Machine Gun Team
Construct Luftwaffe Kompanie
Medical Station
Selects Contempt for the Weak
Jäger Squad
Support Elements
Marder III M Tank Destroyer
Jäger Squad
Wirbelwind Flakpanzer
Side Skirts
Marder III M Tank Destroyer
Jäger Squad
Selects Defend the Fatherland
Selects Contempt for the Weak
Selects Jericho Trumpet
Construct Panzer Kompanie
Selects V1 Rocket Strike
MG 42 Machine Gun Team
Stoßtruppen Squad
Jäger Squad
Construct Panzergrenadier Kompanie
V1 Rocket Strike
Samson (MykillJackson)
DaMayzr
EisregenKubus0
ももい
Negi
心海排卵给我做鱼子酱
0
0
Comments
sign in to comment!
No comments posted yet!